 Dungeon Crawl Stone Soup version 0.19.3-4-gbf9329e (webtiles) character file.

6947 theAP the Carver (level 11, -7/92 HPs)
             Began as a Formicid Fighter on Jan 27, 2017.
             Was an Initiate of Gozag.
             Mangled by dngmouse's ghost (12 damage)
             ... on level 11 of the Dungeon.
             The game lasted 00:18:43 (7763 turns).

theAP the Carver (Formicid Fighter)                 Turns: 7763, Time: 00:18:43

Health: -7/92      AC: 11    Str: 29    XL:     11   Next: 28%
Magic:  11/11      EV:  9    Int:  8    God:    Gozag
Gold:   797        SH: 11    Dex: 10    Spells: 0 memorised, 10 levels left

rFire  . . .     SeeInvis +     C - +7 scimitar (freeze)
rCold  . . .     Gourm    .     o - +0 chain mail
rNeg   . . .     Faith    .     c - +0 shield
rPois  .         Spirit   .     (helmet unavailable)
rElec  .         Reflect  .     s - +0 cloak
rCorr  .         Harm     .     I - +0 pair of gloves
MR     +....                    (no boots)
Stlth  ..........               (no amulet)
                                j - +2 ring of evasion
                                n - ring of stealth

@: mighty, lethally poisoned (-7 -> -10), gold aura
A: permanent stasis, dig shafts and tunnels, four strong arms, antennae 3
a: Dig, Shaft Self, Potion Petition, Call Merchant, Bribe Branch, Renounce
Religion


You were on level 11 of the Dungeon.
You worshipped Gozag.
Gozag was pleased with you.
You were not hungry.

You visited 2 branches of the dungeon, and saw 12 of its levels.
You also visited: Sewer.

You collected 892 gold pieces.
You paid 95 gold pieces to Gozag.

Inventory:

Hand Weapons
 a - a +0 long sword
 C - a +7 scimitar of freezing (weapon)
Armour
 b - a +0 scale mail
 c - a +0 shield (worn)
 o - a +0 chain mail (worn)
 s - a +0 cloak (worn)
 y - a +0 robe of cold resistance
 I - a +0 pair of gloves (worn)
 J - a +2 buckler
Jewellery
 j - a +2 ring of evasion (right hand)
 n - a ring of stealth (left hand)
 u - a +2 ring of intelligence {unknown}
 K - an uncursed ring of stealth
Wands
 w - a wand of polymorph (8/24)
 F - a wand of paralysis (10/24)
 H - a wand of acid (1/15)
 L - a wand of lightning (5/15)
Scrolls
 h - 3 scrolls of blinking
 k - 2 scrolls of fear
 l - 2 scrolls of amnesia
 B - 2 scrolls of remove curse
 D - 3 scrolls of teleportation
 G - a scroll of magic mapping {unknown}
 M - a scroll of identify
 O - a scroll of enchant weapon
Potions
 e - 2 potions of ambrosia {unknown}
 g - 6 potions of curing
 p - a potion of invisibility {unknown}
 t - 2 potions of agility {unknown}
 v - 2 potions of flight {unknown}
 x - a potion of lignification {unknown}
 z - a potion of degeneration {unknown}
 A - a potion of brilliance {unknown}
 N - 2 potions of cancellation {unknown}
Books
 i - a book of Geomancy

   Spells                             Type                      Level
   a - Sandblast                      Earth                        1
   b - Passwall                       Transmutation/Earth          2
   c - Stone Arrow                    Conjuration/Earth            3
   d - Petrify                        Transmutation/Earth          4
   e - Lee's Rapid Deconstruction     Earth                        5
 E - a book of Frost

   Spells                             Type                      Level
   a - Freeze                         Ice                          1
   b - Throw Frost                    Conjuration/Ice              2
   c - Ozocubu's Armour               Charms/Ice                   3
   d - Throw Icicle                   Conjuration/Ice              4
   e - Summon Ice Beast               Ice/Summoning                4
Comestibles
 f - 7 bread rations
 q - a fruit
 r - 4 meat rations


   Skills:
 + Level 10.4 Fighting
 * Level 13.0 Long Blades
 - Level 3.2 Armour
 - Level 6.4 Shields


You had 10 spell levels left.
You didn't know any spells.

Dungeon Overview and Level Annotations

Branches:
Dungeon (11/15)            Temple (1/1) D:7            Lair (0/6) D:10
    Orc: D:9-12

Altars:
Ashenzari
Gozag
Hepliaklqana
Trog

Annotations:
D:11 dngmouse's ghost, journeyman FoAK


Innate Abilities, Weirdness & Mutations

You are under a permanent stasis effect.
You can dig through walls and to a lower floor.
Your four strong arms can wield two-handed weapons with a shield.
You have a pair of large antennae on your head. (SInv)


Message History

The killer bee barely misses you. The killer bee stings you.
* * * LOW HITPOINT WARNING * * *
The worker ant bites you.
* * * LOW HITPOINT WARNING * * *
You are poisoned.
The worker ant poisons you! Dngmouse's ghost hits you!
* * * LOW HITPOINT WARNING * * *
The killer bee completely misses you.
The killer bee stings you but does no damage.
You slash dngmouse's ghost! You freeze dngmouse's ghost.
Dngmouse's ghost is severely damaged.
You feel sick. The killer bee barely misses you.
You riposte.
You slash the killer bee! You freeze the killer bee.
The killer bee is severely wounded.
The killer bee misses you.
You riposte.
You slash the killer bee! You freeze the killer bee.
You kill the killer bee!
You block the worker ant's attack. Dngmouse's ghost hits you!
You die...
Your body crumbles into a pile of gold.

≈≈≈≈≈§≈≈#.....#
......≈§≈.....#
#....§.≈≈§§...#
.......h§§§...#
.####...≈≈§$W.# .
$['..T≈≈..$$# $#..Y≈§...(#
#..h≈≈§(.(###################
..#.≈§§($(Ya@................
.##≈≈≈§....WyZ.....(.........
#≈§≈..(.....................
≈≈≈§.........................
≈≈§.%....................[...
.§.?.................(.......
..........>....>.............
#####.....###################
#.....#


You could see a sky beast, a worker ant, a killer bee, dngmouse's ghost and a
bullfrog zombie.

Vanquished Creatures
  Pikel (D:4)
  2 hippogriffs (D:8)
  A vampire (D:11)
  4 yaks (D:9)
  Grum (D:8)
  A hungry ghost (D:8)
  Edmund (D:6)
  A water moccasin (D:9)
  An ice beast (D:9)
  A sky beast (D:6)
  An orc warrior (D:11)
  A black bear (D:7)
  2 necrophages
  4 ogres
  A phantom (D:5)
  4 centaurs
  2 wolves (D:8)
  A big kobold (D:8)
  6 bullfrogs
  Blork the orc (D:5)
  A scorpion (D:6)
  A water moccasin skeleton (D:8)
  4 killer bees (D:11)
  11 wights
  A howler monkey (D:5)
  A centaur zombie (D:5)
  5 crimson imps
  A lava snake (D:11)
  A quasit (D:9)
  3 centaur skeletons
  A jelly (D:7)
  A hound (D:6)
  7 orc wizards
  5 orc priests
  2 bullfrog skeletons
  5 iguanas (D:8)
  6 worker ants
  A hound zombie (D:8)
  A worker ant zombie (D:5)
  10 adders
  2 oozes
  An adder skeleton (D:5)
  6 worms
  2 dart slugs (D:1)
  10 leopard geckos
  30 orcs
  10 giant cockroaches
  6 hobgoblins
  7 jackals
  3 quokkas
  5 ball pythons
  14 bats
  6 frilled lizards
  8 goblins
  A jackal zombie (D:5)
  13 kobolds
  A leopard gecko skeleton (D:6)
  A quokka skeleton (D:4)
  10 rats
241 creatures vanquished.

Vanquished Creatures (others)
  Erica (D:8)
  A slave (D:4)
  An orc wizard (D:4)
  2 orcs (D:4)
  A ball python (D:4)
  7 fungi (D:10)
  2 plants (D:10)
15 creatures vanquished.

Grand Total: 256 creatures vanquished

Notes
Turn   | Place    | Note
-------+----------+-------------------------------------------
     0 | D:1      | theAP the Formicid Fighter began the quest for the Orb.
     0 | D:1      | Reached XP level 1. HP: 18/18 MP: 1/1
   128 | D:1      | Reached XP level 2. HP: 16/24 MP: 2/2
   590 | D:1      | Reached XP level 3. HP: 24/29 MP: 3/3
  1061 | D:2      | Reached skill level 3 in Long Blades
  1061 | D:2      | Reached XP level 4. HP: 27/37 MP: 4/4
  1646 | D:3      | Reached XP level 5. HP: 42/42 MP: 5/5
  1735 | D:3      | Reached skill level 4 in Long Blades
  1803 | D:3      | Reached XP level 6. HP: 39/48 MP: 6/6
  1813 | D:3      | Reached skill level 5 in Shields
  1977 | D:3      | Found a faded altar of an unknown god.
  2243 | D:4      | Noticed a slave
  2243 | D:4      | Noticed a slave
  2244 | D:4      | Noticed Pikel
  2245 | D:4      | Noticed a slave
  2245 | D:4      | Noticed a slave
  2279 | D:4      | Killed Pikel
  2279 | D:4      | Reached skill level 5 in Fighting
  2279 | D:4      | Reached skill level 6 in Long Blades
  2279 | D:4      | Reached XP level 7. HP: 23/56 MP: 7/7
  2279 | D:4      | Reached XP level 8. HP: 26/63 MP: 8/8
  2824 | D:4      | Reached skill level 7 in Long Blades
  3064 | D:5      | Entered Level 5 of the Dungeon
  3228 | D:5      | Found a shattered altar of Ashenzari.
  3239 | D:5      | Noticed Blork the orc
  3254 | D:5      | Killed Blork the orc
  3274 | D:5      | Reached skill level 8 in Long Blades
  3283 | D:5      | Reached XP level 9. HP: 35/71 MP: 9/9
  3984 | D:6      | Reached skill level 9 in Long Blades
  4129 | D:6      | Found a bloodstained altar of Trog.
  4133 | D:6      | Noticed Edmund
  4140 | D:6      | Killed Edmund
  4444 | D:6      | Found a glowing drain.
  4460 | Sewer    | Entered a sewer
  5555 | D:7      | Reached skill level 10 in Long Blades
  5630 | D:7      | Found a staircase to the Ecumenical Temple.
  5636 | Temple   | Entered the Ecumenical Temple
  5654 | Temple   | Became a worshipper of Gozag Ym Sagoz the Greedy
  5923 | D:8      | Noticed Grum
  5938 | D:8      | Killed Grum
  5938 | D:8      | Reached XP level 10. HP: 68/80 MP: 10/10
  5958 | D:8      | Noticed Erica
  5969 | D:8      | Killed Erica
  5969 | D:8      | Reached skill level 11 in Long Blades
  6911 | D:9      | Reached skill level 12 in Long Blades
  7110 | D:9      | Reached XP level 11. HP: 69/90 MP: 11/11
  7297 | D:9      | Noticed a four-headed hydra
  7390 | D:9      | HP: 3/90 [five-headed hydra (5)]
  7391 | D:10     | Entered Level 10 of the Dungeon
  7427 | D:10     | Found a staircase to the Lair.
  7517 | D:11     | Reached skill level 10 in Fighting
  7678 | D:11     | Noticed a deep troll earth mage
  7720 | D:11     | Noticed dngmouse's ghost (journeyman FoAK)
  7755 | D:11     | Reached skill level 13 in Long Blades
  7763 | D:11     | Mangled by dngmouse's ghost

Skill      XL: |  1  2  3  4  5  6  7  8  9 10 11 |
---------------+----------------------------------+-----
Shields        | 4 6 |  6.4
Long Blades    | 3 4 6 8 10 12 13 | 13.0
Fighting       | 4 5 6 8 9 10 | 10.4
Armour         | |  3.2

Action                   |  1- 3 |  4- 6 |  7- 9 | 10-12 || total
-------------------------+-------+-------+-------+-------++-------
Melee: Long sword        |   102 |   268 |    93 |       ||   463
       Scimitar          |       |       |   201 |   195 ||   396
Evoke: Wand              |       |       |       |     6 ||     6
  Use: Scroll            |       |       |    11 |     2 ||    13
       Potion            |       |       |       |     9 ||     9
 Stab: Distracted        |       |       |       |     1 ||     1
  Eat: Chunk             |     1 |     4 |     5 |       ||    10
       Beef jerky        |       |       |     1 |     2 ||     3
       Royal jelly       |       |       |     1 |       ||     1
       Meat ration       |       |       |     1 |       ||     1
       Fruit             |       |       |       |     3 ||     3
Armor: Scale mail        |    28 |       |       |       ||    28
       Chain mail        |    12 |   126 |    74 |    80 ||   292
Dodge: Dodged            |    34 |    75 |    73 |    88 ||   270
Block: Shield            |    65 |   144 |   125 |   106 ||   440
       Rpst.: Long sword |    12 |    19 |     4 |       ||    35
       Scimitar          |       |       |    16 |    18 ||    34
